 Dungeon Crawl Stone Soup version 0.22-a0-480-g991dd4b (webtiles) character file.

4 mhoghedin the Grave Robber (level 1, 0/11 HPs)
             Began as a Kobold Necromancer on June 15, 2018.
             Slain by a hobgoblin
             ... wielding a +0 club
              (1 damage)
             ... on level 1 of the Dungeon.
             The game lasted 00:00:58 (413 turns).

mhoghedin the Grave Robber (Kobold Necromancer)      Turns: 413, Time: 00:00:58

Health: 0/11       AC:  2    Str:  5    XL:     1   Next: 77%
Magic:  1/3        EV: 15    Int: 16    God:
Gold:   0          SH:  0    Dex: 15    Spells: 3/4 levels left

rFire    . . .     SeeInvis .   b - +0 short sword
rCold    . . .     Gourm    .   (shield restricted)
rNeg     . . .     Faith    .   a - +0 robe
rPois    .         Spirit   .   (no helmet)
rElec    .         Reflect  .   (no cloak)
rCorr    .         Harm     .   (no gloves)
MR       .....                  (no boots)
Stlth    ++........             (no amulet)
HPRegen  0.03/turn              (no ring)
MPRegen  0.08/turn              (no ring)

@: no status effects
A: small, carnivore
a: no special abilities


You were on level 1 of the Dungeon.
You were not hungry.

You visited 1 branch of the dungeon, and saw 1 of its levels.

Inventory:

Hand Weapons
 b - a +0 short sword (weapon)
   (You found it on level 1 of the Dungeon)
Armour
 a - a +0 robe (worn)
Comestibles
 c - a ration


   Skills:
 + Level 0.8 Fighting
 + Level 1.1 Short Blades
 - Level 2.4 Dodging
 - Level 2.6 Stealth
 - Level 2.1 Spellcasting
 - Level 4.0 Necromancy


You had 3 spell levels left.
You knew the following spells:

 Your Spells              Type           Power        Failure   Level  Hunger
a - Pain                  Necr           ##..         4%          1    #......

Your spell library contained the following spells:

 Spells                   Type           Power        Failure   Level  Hunger
 Animate Dead             Necr           N/A          36%         4    #####..
 Animate Skeleton         Necr           N/A          4%          1    #......
 Vampiric Draining        Necr           ##........   12%         3    ###....
 Regeneration             Chrm/Necr      #.........   26%         3    ###....


Dungeon Overview and Level Annotations

Branches:
Dungeon (1/15)

Altars:


Innate Abilities, Weirdness & Mutations

You are small and have problems with some larger weapons.
You are carnivorous and can eat meat at any time.


Message History

You hit the dart slug but do no damage. You barely miss the dart slug.
The dart slug closely misses you.
You hit the dart slug. The dart slug closely misses you.
You hit the dart slug. The dart slug misses you.
You hit the dart slug but do no damage. The dart slug bites you.
You take 1 damage, and have 8/10 hp.
You hit the dart slug. You hit the dart slug but do no damage.
The dart slug bites you.
You take 2 damage, and have 6/10 hp.
You are too injured to fight recklessly!
You are too injured to fight recklessly!
You are too injured to fight recklessly!
You hit the dart slug but do no damage. The dart slug completely misses you.
You hit the dart slug. The dart slug launches a dart at you.
The slug dart misses you.
You completely miss the dart slug. You hit the dart slug but do no damage.
The dart slug bites you.
You take 2 damage, and have 4/10 hp.
You hit the dart slug. The dart slug launches a dart at you.
The slug dart hits you!
* * * LOW HITPOINT WARNING * * *
You take 3 damage, and have 1/10 hp.
MASSIVE DAMAGE!!
You hit the dart slug.
You kill the dart slug!
You start resting.
Health restored: 11
There is a stone staircase leading down here.
A bat comes into view.
A bat is nearby!
The bat barely misses you.
You hit the bat. The bat barely misses you. The bat closely misses you.
The bat barely misses you. The bat misses you.
A hobgoblin comes into view. It is wielding a club.
The bat hits you but does no damage. The bat hits you but does no damage.
The hobgoblin shouts!
The bat barely misses you.
A frilled lizard comes into view.
The bat hits you but does no damage. The bat closely misses you.
The hobgoblin hits you but does no damage.
You hit the hobgoblin. The bat closely misses you.
The hobgoblin barely misses you.
You hit the hobgoblin but do no damage. The bat closely misses you.
The hobgoblin hits you with a club.
You take 5 damage, and have 6/11 hp.
MASSIVE DAMAGE!!
The bat barely misses you. The bat barely misses you.
The bat completely misses you. The bat hits you.
You take 1 damage, and have 5/11 hp.
The bat barely misses you. The bat closely misses you.
You hit the bat. The bat completely misses you.
The frilled lizard barely misses you. The bat hits you but does no damage.
The bat hits you but does no damage. The frilled lizard closely misses you.
The bat closely misses you. The bat misses you. The bat hits you.
You take 1 damage, and have 4/11 hp.
You aren't carrying any potions.
You closely miss the frilled lizard. The frilled lizard closely misses you.
Okay, then.
Unknown command.
Aim: a frilled lizard (chance to defeat MR: 85%)
The frilled lizard barely resists.
The frilled lizard bites you.
* * * LOW HITPOINT WARNING * * *
You take 2 damage, and have 2/11 hp.
You now have 2/3 mp.
Aim: a frilled lizard (chance to defeat MR: 85%)
The frilled lizard writhes in agony!
You kill the frilled lizard!
Your Short Blades skill increases to level 1!
The bat completely misses you.
You take 1 damage, and have 1/11 hp.
You now have 1/3 mp.
You hit the bat but do no damage. The bat completely misses you.
The bat misses you. The bat hits you but does no damage.
The bat closely misses you. The bat closely misses you. x2
The bat hits you but does no damage.
There is an open door here.
The bat hits you.
* * * LOW HITPOINT WARNING * * *
You take 1 damage, and have 1/11 hp.
You close the door.
A hobgoblin opens the door.
Aim: a bat (moderately wounded, chance to defeat MR: 85%)
The bat writhes in agony!
You kill the bat!
You now have 0/3 mp.
You closely miss the hobgoblin. The hobgoblin closely misses you.
Aim: a hobgoblin, wielding a club (lightly wounded, chance to defeat MR: 85%)
The hobgoblin writhes in agony!
The hobgoblin barely misses you.
You now have 0/3 mp.
There is a fountain of clear blue water here.
You open the door.
A hobgoblin and a dart slug come into view.
The hobgoblin hits you with a club.
You die...

########## ....>....#
##+#######)# . #...# #.#
#...# #.# ###...###
#.### ## #.......# #..†.
##.. ####.......####.##.
#....#.@...........#.##.
#.$'.g....⌠......'.###
#..#.............### #
!... ####.......#### #
.?.g #<......# # #..
###...### # .w #...# .
#...# ##+##


You could see a dart slug (sleeping) and 2 hobgoblins.

Vanquished Creatures
  A dart slug (D:1)
  A bat (D:1)
  A frilled lizard (D:1)
  A kobold (D:1)
4 creatures vanquished.

Notes
Turn   | Place    | Note
-------+----------+-------------------------------------------
     0 | D:1      | mhoghedin the Kobold Necromancer began the quest for the Orb.
     0 | D:1      | Reached XP level 1. HP: 10/10 MP: 3/3
    49 | D:1      | HP: 1/10 [dart slug/slug dart (3)]
   389 | D:1      | HP: 2/11 [frilled lizard (1)]
   390 | D:1      | Reached skill level 1 in Short Blades
   395 | D:1      | HP: 1/11 [bat (1)]
   413 | D:1      | Slain by a hobgoblin

Vault maps used:
D:1:      minmay_arrival_cross

Skill      XL: |  1 |
---------------+----+-----
Short Blades   | 1 |  1.1
Fighting       | |  0.8
Dodging        | |  2.4
Stealth        | |  2.6
Spellcasting   | |  2.1
Necromancy     | |  4.0

Action                   || total
-------------------------++-------
Melee: Short sword       ||    27
 Cast: Pain              ||     4
 Stab: Sleeping          ||     1
Armor: Robe              ||     8
Dodge: Dodged            ||    40

Table legend:
 A = Spawn XP
 B = Non-spawn XP
 C = Spawn XP percentage of total XP
 D = Spawn monster count
 E = Non-spawn monster count
 F = Spawn count percentage of total count
 G = Total turns spent on level
                    A         B        C        D         E        F      G
               +---------+---------+-------+---------+---------+-------+---------
         Total |       0 |       7 |   0.0 |       0 |       4 |   0.0 |   413
               +---------+---------+-------+---------+---------+-------+---------
           D:1 |       0 |       7 |   0.0 |       0 |       4 |   0.0 |   413
               +---------+---------+-------+---------+---------+-------+---------

Vault maps used:
D:1:      minmay_arrival_cross

Table legend:
 A = Turns spent in this place as a percentage of turns spent in the entire game.
 B = Non-inter-level travel turns spent in this place as a percentage of non-inter-level travel turns spent in the entire game.
 C = Inter-level travel turns spent in this place as a percentage of turns spent in this place.
 D = Turns resting spent in this place as a percentage of non-inter-level travel turns spent in this place.
 E = Turns spent auto-exploring this place as a percentage of non-inter-level travel turns spent in this place.
 F = Non-inter-level travel turns spent in this place divided by the number of levels of this place that you've seen.
                   A       B       C       D       E      F
               +-------+-------+-------+-------+-------+----------------------
         Total | 100.0 | 100.0 |   0.0 |  75.1 |   2.4 | 413.0
       Dungeon | 100.0 | 100.0 |   0.0 |  75.1 |   2.4 | 413.0
               +-------+-------+-------+-------+-------+----------------------

Table legend:
 A = Kills in this place as a percentage of kills in entire the game.
 B = Kills by you in this place as a percentage of kills by you in the entire game.
 C = Kills by friends in this place as a percentage of kills by friends in the entire game.
 D = Other kills in this place as a percentage of other kills in the entire game.
 E = Experience gained in this place as a percentage of experience gained in the entire game.
 F = Experience gained in this place divided by the number of levels of this place that you have seen.
                   A       B       C       D       E      F
               +-------+-------+-------+-------+-------+----------------------
         Total | 100.0 | 100.0 |   N/A |   N/A | 100.0 |   7.0
       Dungeon | 100.0 | 100.0 |   N/A |   N/A | 100.0 |   7.0
               +-------+-------+-------+-------+-------+----------------------
